 Dungeon Crawl Stone Soup version 0.18.1-47-g9310371 (webtiles) character file.

79 Ery the Cudgeler (level 4, 41/41 HPs)
             Began as a Minotaur Berserker on June 14, 2016.
             Was a Believer of Trog.
             Quit the game on level 2 of the Dungeon.
             The game lasted 00:01:48 (1677 turns).

Ery the Cudgeler (Minotaur Berserker)               Turns: 1677, Time: 00:01:48

Health: 41/41      AC:  2    Str: 21    XL:     4   Next: 17%
Magic:  3/3        EV: 12    Int:  4    God:    Trog [**....]
Gold:   54         SH:  0    Dex: 11    Spells: 0 memorised, 3 levels left

rFire  . . .     SeeInvis .     a - +0 mace
rCold  . . .     Gourm    .     b - +0 animal skin
rNeg   . . .     Faith    .     (no shield)
rPois  .         Spirit   .     (helmet restricted)
rElec  .         Dismiss  .     (no cloak)
rCorr  .         Reflect  .     (no gloves)
SustAt .         Harm     .     (no boots)
MR     .....                    (no amulet)
Stlth  +.........               (no ring)
                                (no ring)

@: not resistant to hostile enchantments, very unstealthy
A: retaliatory headbutt, horns 2
a: Berserk, Trog's Hand, Burn Spellbooks, Renounce Religion


You were on level 2 of the Dungeon.
You worshipped Trog.
Trog was pleased with you.
You were not hungry.

You visited 1 branch of the dungeon, and saw 2 of its levels.

You collected 54 gold pieces.

Inventory:

Hand Weapons
 a - a +0 mace (weapon)
Armour
 b - a +0 animal skin (worn)
Scrolls
 d - a scroll of immolation {unknown}
 e - a scroll of fear {unknown}
 i - a scroll of amnesia {unknown}
 j - a scroll of teleportation {unknown}
Potions
 f - a potion of curing {unknown}
 h - 3 potions of flight {unknown}
Comestibles
 c - 2 bread rations
 g - a beef jerky
 k - 2 meat rations


   Skills:
 + Level 4.5 Fighting
 + Level 4.8 Maces & Flails
 + Level 2.8 Armour
 + Level 2.5 Dodging
 + Level 0.3 Stealth


You had 3 spell levels left.
You didn't know any spells.

Dungeon Overview and Level Annotations

Branches:
Dungeon (2/15)

Altars:
Gozag
The Shining One


Innate Abilities, Weirdness & Mutations

You reflexively headbutt those who attack you in melee.
You have a pair of horns on your head.


Message History

Unknown command.
No target in view!
There is a stone staircase leading down here.
There is a stone staircase leading down here.
You see here a quokka corpse.
You see here a pair of gloves.
You see here a pair of gloves.
You see here a club.
Done exploring.
No target in view!
Unknown command.
Done exploring.
No target in view!
Done exploring.
Unknown command.
No target in view!
No target in view!
Done exploring.
Unknown command.
Are you sure you want to abandon this character and quit the game? (Confirm with "yes".)

#.# ######...#####
#####.#####<..###..#
#######⌠##⌠.⌠##⌠###.#
#..#
#...##...##.##...##.#
#..#
#.###_.#.......#._#.#
#..# #.#
##...##⌠##...##.# #..#
#.#
##⌠#######⌠###.###..#####
#.# ### ######
#...÷†...... #.# #.@.#
#........... #.# #.###
#.###..####. #.# #.# #.#
#..# #. #># #.# #.# #..#
#. #.# #.# #.# #..# #.
#.# #.# #.# #>.####. #.#
#.# #.# #....... #.###
#.# #.###.###.#. #...#
###.# #...........


There were no monsters in sight!

Vanquished Creatures
  3 adders (D:2)
  4 worms (D:2)
  2 dart slugs (D:2)
  2 giant geckos (D:1)
  A ball python (D:1)
  6 goblins
  4 hobgoblins
  8 kobolds
  A quokka (D:2)
  4 bats (D:2)
  2 rats (D:2)
37 creatures vanquished.

Notes
Turn   | Place    | Note
--------------------------------------------------------------
     0 | D:1      | Ery the Minotaur Berserker began the quest for the Orb.
     0 | D:1      | Reached XP level 1. HP: 19/19 MP: 0/0
   216 | D:1      | Reached XP level 2. HP: 12/27 MP: 1/1
   227 | D:1      | HP: 2/40 [kobold/club (2)]
  1102 | D:2      | Found a glowing golden altar of the Shining One.
  1102 | D:2      | Found an opulent altar of Gozag.
  1159 | D:2      | Reached XP level 3. HP: 29/33 MP: 2/2
  1194 | D:2      | Reached ** piety under Trog
  1392 | D:2      | Reached XP level 4. HP: 39/41 MP: 3/3
  1677 | D:2      | Quit the game

Skill      XL: |  1  2 |
---------------+-------+-----
Maces & Flails | 4 |  4.8
Fighting       | 4 |  4.5
Armour         | |  2.8
Dodging        | |  2.5
Stealth        | |  0.3

Action                   |  1- 3 |  4- 6 || total
-------------------------+-------+-------++-------
Melee: Mace              |    59 |    15 ||    74
       Headbutt          |     4 |     2 ||     6
Invok: Berserk           |     1 |       ||     1
 Stab: Sleeping          |     2 |     2 ||     4
  Eat: Bread ration      |     1 |       ||     1
Armor: Animal skin       |     7 |     1 ||     8
Dodge: Dodged            |    37 |    10 ||    47
